Map: Thunderbird LE

Players

pHARM

  • Race: Zerg Zerg
  • League: Platinum
  • Spawn Location: 5:00

DesWhale - Winner!

  • Race: Zerg Zerg
  • League: Diamond
  • Spawn Location: 11:00

VOD

Have the link to the VOD?

Description

Time

  • Played on: Sept. 16, 2019, 11:15 p.m.
  • Length: 8:00
Show
View Real Time Build Order
Export as new Build Order

pHARM Zerg 

Build Orders: Hatch First 

Get SALT Encoding   

  12  0:01  Drone  
  13  0:13  Overlord  
  13  0:24  Drone  
  14  0:32  Drone x2  
  16  0:52  Hatchery  
  16  0:57  Drone x2  
  16  1:02  Drone  
  18  1:19  Spawning Pool  
  18  1:22  Drone  
  18  1:23  Drone  
  19  1:30  Drone  
  20  1:39  Extractor  
  19  1:42  Drone  
  20  1:53  Overlord  
  20  2:08  Drone, Queen  
  20  2:09  Queen  
  20  2:10  Drone  
  26  2:17  Drone x2  
  28  2:25  Drone  
  28  2:28  Drone  
  30  2:36  Drone  
  31  2:38  Zergling x2  
  32  2:44  Queen  
  32  2:51  Zergling x4  
  36  3:04  Baneling Nest  
  34  3:17  Overlord x2  
  34  3:28  Lair  
  34  3:29  Overlord x2  
  34  3:31  Hatchery  
  33  3:40  Roach Warren  
  32  3:45  Evolution Chamber  
  32  3:48  Drone x6  
  37  3:55  Drone x3  
  38  3:56  Drone  
  41  4:12  Zerg Missile Weapons Level 1  
  41  4:14  Drone x5  
  46  4:21  Drone x2  
  48  4:26  Glial Reconstitution  
  48  4:30  Drone, Extractor  
  48  4:31  Drone x3, Extractor  
  51  4:38  Drone x3  
  53  4:49  Roach x3  
  59  5:01  Roach x2  
  59  5:02  Overlord x4, Roach  
  65  5:31  Roach x9  
  65  5:33  Overlord  
  83  5:58  Drone x2  
  83  5:59  Drone x9  
  94  6:17  Drone x7  
  101  6:19  Extractor  
  101  6:23  Extractor  
  99  6:29  Extractor  
  99  6:31  Hydralisk Den  
  97  6:36  Infestation Pit  
  97  6:40  Evolution Chamber, Drone x8  
  94  6:59  Drone x10  
  98  7:24  Overlord  
  98  7:25  Overlord  
  98  7:27  Roach  
  98  7:28  Roach x3  
  105  7:30  Hatchery  
  105  7:31  Roach x2  
  105  7:32  Roach  
  105  7:37  Roach  
  98  7:39  Roach x2  
Show
View Real Time Build Order
Export as new Build Order

DesWhale Zerg - Winner!

Build Orders: Hatch First 

Get SALT Encoding   

  12  0:01  Drone  
  13  0:13  Overlord  
  13  0:18  Drone  
  14  0:32  Drone x2  
  16  0:50  Hatchery  
  16  0:54  Drone  
  16  0:56  Drone  
  17  1:02  Extractor  
  16  1:06  Drone  
  17  1:20  Spawning Pool  
  17  1:24  Drone x2  
  18  1:30  Drone  
  19  1:39  Drone  
  20  1:50  Overlord  
  20  2:07  Queen x2  
  20  2:08  Zergling x4  
  26  2:13  Metabolic Boost  
  26  2:18  Drone x2  
  28  2:42  Hatchery  
  27  2:46  Drone x3  
  30  2:56  Drone x3  
  30  2:58  Overlord  
  31  3:15  Overlord, Drone x2  
  31  3:16  Overlord  
  33  3:21  Drone  
  33  3:22  Overlord  
  33  3:25  Baneling Nest  
  33  3:26  Drone x2  
  35  3:27  Extractor  
  34  3:40  Drone x2  
  34  3:41  Drone x2  
  40  3:55  Queen  
  38  3:56  Evolution Chamber  
  38  3:57  Evolution Chamber  
  38  3:58  Lair  
  38  4:03  Roach Warren  
  38  4:05  Drone x2  
  38  4:06  Drone  
  40  4:15  Drone x4  
  44  4:23  Zerg Ground Armor Level 1  
  44  4:36  Queen  
  44  4:38  Drone x4  
  48  4:39  Drone x2  
  48  4:42  Zerg Missile Weapons Level 1  
  52  4:47  Extractor  
  52  4:48  Extractor  
  50  4:57  Drone x3  
  50  4:58  Drone  
  54  5:02  Drone x3  
  54  5:03  Glial Reconstitution  
  57  5:10  Drone x2  
  59  5:15  Drone x2  
  59  5:16  Drone x2  
  59  5:20  Zergling x4  
  65  5:25  Queen  
  67  5:39  Overlord  
  67  5:41  Drone  
  67  5:42  Drone  
  69  5:43  Roach x2  
  69  5:45  Overlord x2  
  73  5:55  Overlord x2  
  73  6:06  Roach x3  
  77  6:19  Roach x4  
  77  6:20  Roach  
  77  6:23  Roach x3  
  93  6:28  Roach x2  
  97  6:34  Spine Crawler  
  97  6:37  Roach x4  
  97  6:38  Roach x5  
  97  6:39  Overlord x2  
  114  6:40  Overlord  
  108  6:53  Roach  
  110  6:54  Roach x3  
  110  6:56  Overlord x3  
  110  6:57  Overlord  
  112  7:07  Overlord x2  
  112  7:09  Roach x7  
  126  7:16  Roach x2  
  126  7:18  Roach x3  
  126  7:19  Roach x2  
  126  7:20  Roach  
  142  7:24  Drone  
  141  7:34  Roach x3  
Tags
 
Add a new tag
Caveats
  • Supply blocks, unpowered buildings, or Contaminate may cause inaccurate times.
  • Supply counts are checked every 10 seconds.